Description

Serral's One Gas 3 Base Overlord Speed Build Order. His build is refined to fractions of a second. Drone builds added for detail. some supply counts corrected from second by second analysis of replay

Thanks to NubiS for the build and Lowko for the Video Support Lowko below Created by: NubiS Published on: Jan 06, 2020 Modified on: Jan 06, 2020 Patch: 4.11.0

VOD

https://www.youtube.com/watch?v=ZOY5ctizPK0&t=1806s

Build Order

Get SALT Encoding   

  12  0:01  Drone  Scout with Overlord Set Cam Hotkeys for Nat and 3rd
  13  0:12  Overlord  
  13  0:16  Drone  14/14 15 sec supply cap
  14  0:29  Drone x2  
  16  0:34  Drone  Queue Next Drone to Extractor
  17  0:44  Extractor  
  16  0:45  Drone  Hotkey and Queue Next Drone to Pool
  17  0:50  Spawning Pool  
  17  0:55  Drone  Next Drone to Natural
  17  1:05  Action  3 Drones on Gas Shift Click to Drop Minerals
  18  1:18  Hatchery  
  17  1:24  Drone  
  18  1:36  Queen  @Spawning Pool
  20  1:37  Zergling  
  21  1:41  Zergling  
  22  1:42  Action  Pull 1 Drone from gas at 92 returning
  22  1:45  Metabolic Boost  20 Sec Supply Lock
  22  1:52  Overlord  
  22  2:10  Drone x2  
  24  2:12  Queen  Inject main - Natural Watch for Reapers
  26  2:19  Action  Pull Second Drone off Gas
  26  2:21  Drone  
  27  2:29  Queen  Pull 2nd Drone off gas Inject Move to natural
  29  2:32  Drone x2  
  31  2:42  Drone  Spread Creap
  32  2:47  Drone x4, Zergling  
  36  2:49  Pneumatized Carapace  
  36  2:50  Action  Spread Creep
  36  2:54  Overlord  Move OL and Queen to 3rd
  36  2:57  Action  Queue Drone to 3rd
  36  3:08  Hatchery  Drones back to gas on Main
  35  3:13  Drone x2  
  37  3:16  Drone  
  38  3:21  Drone x2  
  40  3:25  Overlord  Scout enemy
  40  3:29  Zergling  Scout enemy
  41  3:33  Drone, Queen  Queen and Drone to 3rd, 10 Second Supply Cap
  44  3:40  Action  Drones Back on Gas
  44  3:43  Overlord  Scout enemy
  44  3:48  Zergling  
  45  3:49  Drone x4  
  49  3:54  Zergling  
  50  3:55  Drone  
  51  4:00  Drone  
  52  4:03  Zergling  
  53  4:10  Queen  Scout enemy
  55  4:12  Zergling x2  
  57  4:18  Baneling Nest  Bans for Bio Roach for Mech
  56  4:21  Queen  
  65  4:42  Lair  
  72  4:59  Extractor x2  
  73  5:14  Evolution Chamber x2  
  83  5:37  Extractor  
  83  5:39  Centrifical Hooks  
  88  5:50  Zerg Ground Armor Level 1  And Melee or Missile +1
  91  6:11  Hatchery  4th base + 5th Macro hatchery
  92  6:14  Overseer  
  100  6:28  Infestation Pit  
Spawning Tool Build Advisor. Get it on Overwolf

Analysis

Zerg versus Terran build orders. In this video I go over three games that Serral recently played versus HeroMarine and have an in depth look at the build orders that plays to achieve the macro game.

Get more videos & support my work: http://www.patreon.com/lowkotv Zerg vs Terran build order notes: https://pastebin.com/vZisrAuM

ZvT 13 Overlord 17 Gas 17 Spawning Pool 18 Hatchery

@Spawning Pool: - Queen + 2 Zerglings - Ling Speed -> 1 Drone off gas

22 Overlord

@1st Queen: - 2nd Queen - Inject main - Tumour main -> Natural

@Natural: - Pull 2nd Drone off gas - Queen

@2nd Queen: - Overlord Speed

@36: - Overlord - 3rd Hatchery -> Drones back to gas

@Scouted Bio -> transition: - Baneling nest ~4:20 - Lair ~4:45

@Rule of 1 Gas: -> Take 2 more Gas -> 2 Evo Chamber -> Baneling Speed

@Full 3 base saturation: - 4th base - Macro hatch (5th base) -> While you wait for 4th base: Non-stop unit production + Tech and all that

Go to:

Details

  • Created by: Ericmil8
  • Published on: Jun 28, 2020
  • Modified on: Jun 28, 2020
  • Patch: 4.11.0
  • Difficulty: Hard
Show
View Real Time Build Order
Export as new Build Order

Comments (0)

There are no comments. Be the first!

Create an account to comment!